 Seeded DCSS version 0.31-a0-986-g5e6e4ef867 (webtiles) character file.

Game seed: 383031706015121972 (custom seed)

291 timneilson the Ruffian (level 6, -1/41 HPs)
             Began as an Octopode Shapeshifter on Nov 12, 2023.
             Slain by an ogre
             ... wielding a +0 giant club
              (12 damage)
             ... on level 5 of the Dungeon.
             The game lasted 00:07:42 (3862 turns).

timneilson the Ruffian (Octopode Shapeshifter)      Turns: 3862, Time: 00:07:43

Health: -1/41      AC:  1    Str: 15    XL:     6   Next: 32%
Magic:  8/8        EV: 18    Int: 13    God:
Gold:   127        SH:  0    Dex: 11    Spells: 2/7 levels left

rFire   . .          .
                       - Unarmed
rCold   . . .        (no shield)
rNeg    . . .        (helmet currently unavailable)
rPois   .            (no amulet)
rElec   .            f - ring of flight
rCorr   .            t - +5 ring of evasion
SInv    .            (no ring)
Will    .....        (no ring)
Stlth   +++          (no ring)
HPRegen 0.26/turn    (no ring)
MPRegen 0.11/turn    (no ring)
                     (no ring)

%: no passive effects
@: beast-form, flying
A: beast (slay +2), almost no armour, amphibious, 8 rings, camouflage 1,
gelatinous body 1, (nimble swimmer 1), tentacles
a: Begin Untransformation


You were on level 5 of the Dungeon.
You were a hulking beast.
You visited 1 branch of the dungeon, and saw 5 of its levels.
You also visited: Sewer.

You collected 187 gold pieces.
You spent 60 gold pieces at shops.

Inventory:

Jewellery
 f - a ring of flight (left tentacle)
 g - an amulet of faith
 t - a +5 ring of evasion (right tentacle)
Talismans
 b - a beast talisman
 c - a flux talisman
 l - a serpent talisman
Scrolls
 i - a scroll of amnesia
 m - 4 scrolls of teleportation
 q - a scroll of enchant weapon
Potions
 a - 2 potions of lignification
 d - a potion of resistance
 e - 2 potions of heal wounds
 h - 2 potions of curing
 j - 2 potions of mutation
 k - 4 potions of attraction
 n - 2 potions of enlightenment
 o - a potion of brilliance
 p - a potion of magic
 r - a potion of cancellation {unknown}
 s - 2 potions of invisibility
 u - a potion of might {unknown}


   Skills:
 * Level 2.9 Fighting
 * Level 3.4 Dodging
 + Level 2.3 Stealth
 * Level 3.9 Unarmed Combat
 + Level 1.3 Spellcasting
 + Level 0.4 Translocations
 * Level 3.7 Shapeshifting


You had 2 spell levels left.
You knew the following spells:

 Your Spells              Type           Power      Damage    Failure   Level
a - Lesser Beckoning      Tloc           4%         N/A       34%         2
b - Gell's Gravitas       Tloc           2%         N/A       56%         3

Your spell library contained the following spells:

 Spells                   Type           Power      Damage    Failure   Level
 Wereblood                Tmut           0%         N/A       38%         2
 Teleport Other           Tloc           2%         N/A       56%         3
 Irradiate                Conj/Tmut      0%         3d11      100%        5


Dungeon Overview and Level Annotations

Branches:
Dungeon (5/15)              Sewer (visited)
 Temple: D:4-7

Altars:

Shops:
D:1 =   D:3 (   D:4 :(?:*

Annotations:
D:4 1 runed translucent door, Crazy Yiuf


Innate Abilities, Weirdness & Mutations

You are a hulking beast.
Your limbs bulge with bestial killing power. (Slay +2)
You cannot wear most types of armour.
You are amphibious.
You can wear up to eight rings at the same time.
Your skin changes colour to match your surroundings (Stealth+).
Your rubbery body absorbs attacks. (AC +1, EV +1)
((You are camouflaged when in or above water. (Stealth+)))
You have tentacles for arms and can constrict up to eight enemies at once.


Message History

s - 2 potions of invisibility You see here a frilled lizard skeleton.
There is a gate leading back out of this place here.
Welcome back to the Dungeon!
There is a collapsed entrance here.
You see here a +0 heavy long sword.
You reach down and open the door.
There is an open door here.
Found a hand axe.
t - a +5 ring of evasion
t - a +5 ring of evasion (right tentacle)
A scorpion comes into view.
Found 2 potions of attraction.
The scorpion barely misses you.
You bludgeon the scorpion! You grab the scorpion. You squeeze the scorpion!
The scorpion is almost dead.
You constrict the scorpion.
You kill the scorpion!
Found a scroll labelled FAGARI GOONIPP.
Found a stone staircase leading down.
An ogre comes into view. It is wielding a +0 giant club.
Found 11 gold pieces.
The ogre shouts!
A scorpion comes into view.
You see here 2 potions of attraction.
k - 4 potions of attraction (gained 2)
You tentacle-slap the ogre.
The ogre is lightly wounded.
The ogre barely misses you.
You barely miss the ogre.
The ogre is lightly wounded.
The ogre hits you with a +0 giant club!!
Ouch! That really hurt!
* * * LOW HITPOINT WARNING * * *
You barely miss the ogre.
The ogre is lightly wounded.
Unknown command.
You bludgeon the ogre!
The ogre is heavily wounded.
The ogre hits you with a +0 giant club!
You die...

.....)....#.#....# ..
.....#..........#.#..###
...#.....###.......##.#.....
..................###.#....#
.$.....#...........###.#.#..#
+#.....#.#.......#.......#.#..#
......#..........#.........#..#
......#..........#.......#...<.
.............Oh..#.......#.#.##
..#...#....#.###.........#.....
.........#.....#.........#.####
#...?.....#..#.#.....#.#.#..
###.....#.##.#.....#.#.###
#.......# #.....#.# . #...>.###
#....## #..##.... #....# #..
#....# ...###


You could see an ogre.

Vanquished Creatures
  2 scorpions
  7 adders
  A river rat (D:5)
  2 worms (D:4)
  2 dart slugs
  5 bats
  9 endoplasms
  4 giant cockroaches
  9 goblins
  10 hobgoblins
  4 jackals (D:1)
  3 quokkas
  8 ball pythons
  11 frilled lizards
  10 kobolds
  9 rats
96 creatures vanquished.

Notes
Turn   | Place    | Note
-------+----------+-------------------------------------------
     0 | D:1      | timneilson the Octopode Shapeshifter began the quest for
                  | the Orb.
     0 | D:1      | Reached XP level 1. HP: 13/13 MP: 1/1
   216 | D:1      | Reached XP level 2. HP: 18/18 MP: 2/2
   402 | D:1      | Found Deshragru's One-of-a-Kind Rings.
   617 | D:1      | Reached skill level 1 in Stealth
   617 | D:1      | Reached XP level 3. HP: 23/23 MP: 3/3
   986 | D:2      | You fall into a shaft and drop 2 floors!
  1141 | D:3      | Found Syunath's Weapon Shoppe.
  1425 | D:2      | Reached XP level 4. HP: 29/29 MP: 5/5
  2414 | D:4      | Found Koashrete's Assorted Antiques.
  2496 | D:4      | Found Obynk's Book Emporium.
  2757 | D:4      | Reached skill level 1 in Spellcasting
  2757 | D:4      | Reached XP level 5. HP: 34/34 MP: 6/6
  2782 | D:4      | Found a runed translucent door.
  2783 | D:4      | Noticed Crazy Yiuf
  2902 | D:4      | Found Siosuxedgh's Book Shop.
  2911 | D:4      | Found Maohots's Magic Scroll Boutique.
  3040 | D:4      | Bought 3 scrolls of identify for 60 gold pieces
  3217 | D:4      | Noticed a +0 triple crossbow
  3219 | D:4      | Found Edeygrul's Weapon Shop.
  3220 | D:4      | Noticed a +0 demon blade
  3239 | D:4      | Learned a level 2 spell: Lesser Beckoning
  3243 | D:4      | Learned a level 3 spell: Gell's Gravitas
  3345 | D:5      | Entered Level 5 of the Dungeon
  3382 | D:5      | Found a glowing drain.
  3396 | Sewer    | Entered a sewer
  3718 | Sewer    | Reached XP level 6. HP: 36/41 MP: 7/7
  3862 | D:5      | Slain by an ogre

Illustrated notes

Levels and vault maps discovered:
D:1:      minmay_arrival_arboretum_small, layout_basic,
          nicolae_shop_unique_rings
D:2:      layout_basic
D:3:      layout_basic, serial_shops, shop
D:4:      cheibrodos_greedy_goblins, layout_loops_ring, serial_shops, shop,
          nicolae_shop_just_a_little_nook, nicolae_shop_mannequins, shop, shop,
          uniq_crazy_yiuf_cottage
D:5:      layout_basic, mainiacjoe_overflow_catch_the_wave,
          minmay_temple_entry_waves, portal_sewer_entry_b,
          kennysheep_generic_room_4

Skill      XL: |  1  2  3  4  5 |
---------------+----------------+-----
Stealth        | 1 2 |  2.3
Fighting       | 2 |  2.9
Dodging        | 3 |  3.4
Spellcasting   | 1 |  1.3
Unarmed Combat | |  3.9
Translocations | |  0.4
Shapeshifting  | |  3.7

Action                     |  1- 3 |  4- 6 || total
---------------------------+-------+-------++-------
  Melee: Unarmed           |    85 |   106 ||   191
         Constrict         |    21 |    25 ||    46
         Tentacles         |    14 |    19 ||    33
         Punch             |     1 |     2 ||     3
    Use: Scroll            |     4 |    12 ||    16
   Stab: Sleeping          |     6 |    15 ||    21
 Armour: Skin              |    24 |    32 ||    56
  Dodge: Dodged            |    62 |    52 ||   114

Table legend: (Time is in decaauts)
 A = Elapsed time spent in this place.
 B = Non-inter-level travel time spent in this place.
 C = Inter-level travel time spent in this place.
 D = Time resting spent in this place.
 E = Time spent auto-exploring this place.
 F = Levels seen in this place.
 G = Mean time per level.
                   A        B        C        D        E       F      G
               +--------+--------+--------+--------+--------+-----+--------+
         Total |   3846 |   3750 |     96 |     33 |   2778 |   6 |  641.0 |
       Dungeon |   3453 |   3357 |     96 |     33 |   2532 |   5 |  690.6 |
         Sewer |    392 |    392 |      0 |      0 |    246 |   1 |  392.0 |
               +--------+--------+--------+--------+--------+-----+--------+

Top non-repeatable levels by time:
     D:4: 958 daAuts
     D:1: 860 daAuts
     D:2: 854 daAuts
     D:3: 660 daAuts
   Sewer: 392 daAuts
     D:5: 119 daAuts
